 Dungeon Crawl Stone Soup version 0.27-a0-920-gb2bd10914a (webtiles) character file.

Game seed: 7384530915315031772

12984 voltaire321 the Fighter (level 11, -3/87 HPs)
             Began as a Demonspawn Fighter on Apr 9, 2021.
             Was an Elder of Makhleb.
             Killed from afar by a bog body (17 damage)
             ... with a bolt of cold
             ... on level 3 of the Lair of Beasts.
             The game lasted 00:42:34 (13703 turns).

voltaire321 the Fighter (Demonspawn Fighter)       Turns: 13703, Time: 00:42:34

Health: -3/87      AC: 17    Str: 20    XL:     11   Next: 69%
Magic:  17/17      EV: 16    Int:  9    God:    Makhleb [****..]
Gold:   762        SH: 20    Dex: 13    Spells: 10/10 levels left

rFire    + . .     SeeInvis .   x - +3 falchion
rCold    . . .     Faith    .   c - +0 kite shield
rNeg     . . .     Spirit   .   r - +5 chain mail {rF+}
rPois    .         Reflect  +   (no helmet)
rElec    .         Harm     .   u - +0 cloak
rCorr    .         Rampage  .   (no gloves)
Will     .....                  (no boots)
Stlth    ..........             f - amulet of reflection
HPRegen  0.24/turn              h - +4 ring of evasion
MPRegen  0.30/turn              k - +4 ring of evasion

@: slowed, very slow
A: talons 2, large bone plates 1, ignite blood 2, magic regeneration
a: Renounce Religion, Minor Destruction, Lesser Servant of Makhleb, Major
Destruction


You were on level 3 of the Lair of Beasts.
You worshipped Makhleb.
Makhleb was greatly pleased with you.
You visited 3 branches of the dungeon, and saw 14 of its levels.
You also visited: Ossuary.

You collected 1012 gold pieces.
You spent 250 gold pieces at shops.

Inventory:

Hand Weapons
 a - a +1 long sword
 x - a +3 falchion (weapon)
Missiles
 H - 6 curare-tipped darts
 L - 6 atropa-tipped darts
 P - 6 boomerangs of dispersal
Armour
 c - a +0 kite shield (worn)
 r - a +5 chain mail of fire resistance (worn)
 u - a +0 cloak (worn)
 B - the +0 ring mail "Woroquma" {rF++}
   (You took it off a gnoll on level 8 of the Dungeon)

   It greatly protects you from fire.
Jewellery
 f - an amulet of reflection (around neck)
 h - a +4 ring of evasion (left hand)
 k - a +4 ring of evasion (right hand)
 o - an amulet of guardian spirit
 J - a ring of see invisible
 M - a +6 ring of strength
 O - an amulet of the acrobat
 R - a ring of resist corrosion
Wands
 p - a wand of charming (14)
 w - a wand of iceblast (23)
 y - a wand of flame (33) (quivered)
 S - a wand of polymorph (4)
Scrolls
 e - 8 scrolls of identify
 g - 7 scrolls of teleportation
 i - 2 scrolls of fog
 m - 5 scrolls of magic mapping
 s - 2 scrolls of vulnerability
 A - 2 scrolls of brand weapon {unknown}
 F - 2 scrolls of enchant weapon
 G - 3 scrolls of fear {unknown}
 I - a scroll of acquirement {unknown}
 K - a scroll of holy word {unknown}
 N - a scroll of enchant armour
Potions
 b - 2 potions of mutation {unknown}
 d - 2 potions of might
 j - a potion of magic {unknown}
 l - 3 potions of curing
 n - 3 potions of haste
 q - 7 potions of lignification
 t - 2 potions of resistance {unknown}
 v - 11 potions of ambrosia
 z - 3 potions of invisibility
 C - a potion of heal wounds {unknown}
 D - a potion of flight {unknown}
 E - 3 potions of degeneration {unknown}
 Q - a potion of brilliance {unknown}


   Skills:
 + Level 8.7 Fighting
 + Level 7.6 Long Blades
 + Level 7.9 Armour
 - Level 5.0 Dodging
 + Level 8.0 Shields
 + Level 8.4 Invocations
 - Level 5.0 Evocations


You had 10 spell levels left.
You didn't know any spells.
Your spell library contained the following spells:

 Spells                   Type           Power      Damage    Failure   Level
 Apportation              Tloc           0%         N/A       100%        1
 Beastly Appendage        Tmut           0%         N/A       100%        1
 Summon Small Mammal      Summ           0%         N/A       100%        1
 Call Imp                 Summ           0%         N/A       100%        2
 Wereblood                Tmut           0%         N/A       100%        2
 Call Canine Familiar     Summ           0%         N/A       100%        3
 Lesser Beckoning         Tloc           0%         N/A       100%        3
 Spider Form              Tmut/Pois      0%         N/A       100%        3
 Summon Guardian Golem    Hex/Summ       0%         N/A       100%        3
 Tukima's Dance           Hex            0%         N/A       100%        3
 Ice Form                 Ice/Tmut       0%         N/A       100%        4
 Summon Ice Beast         Ice/Summ       0%         N/A       100%        4
 Summon Lightning Spire   Summ/Air       0%         N/A       100%        4
 Alistair's Intoxication  Tmut/Pois      0%         N/A       100%        5
 Hydra Form               Tmut           0%         N/A       100%        5
 Invisibility             Hex            0%         N/A       100%        6


Dungeon Overview and Level Annotations

Branches:
Dungeon (10/15)            Temple (1/1) D:5            Lair (3/6) D:8
  Snake (0/4) Lair:2      Ossuary (visited)
  Swamp: Lair:2-4    Shoals: Lair:2-4       Orc: D:9-12

Altars:
Ashenzari
Fedhas
Gozag
Hepliaklqana
Makhleb
Nemelex Xobeh
Qazlal
Ru
Sif Muna
Trog
Uskayaw
Vehumet
Wu Jian
Xom
Yredelemnul
Zin

Shops:
D:2 =!?   D:8 *


Innate Abilities, Weirdness & Mutations

You have razor-sharp toenails.
You are partially covered in large bone plates. (SH +4)
Your demonic aura often causes spilled blood to erupt in flames You regenerate magic rapidly.


Message History

The vampire mosquito is moderately damaged.
You block the vampire mosquito's attack.
You barely miss the vampire mosquito. You claw the vampire mosquito.
The vampire mosquito is moderately damaged.
You block the vampire mosquito's attack. x2
You hit the vampire mosquito.
The vampire mosquito is heavily damaged.
You block the vampire mosquito's attack. x2
You closely miss the vampire mosquito.
You claw the vampire mosquito, but do no damage.
The vampire mosquito is heavily damaged.
You block the vampire mosquito's attack.
A bog body comes into view.
The vampire mosquito bites you.
* * * LOW HITPOINT WARNING * * *
The vampire mosquito draws strength from your injuries!
You hit the vampire mosquito. You claw the vampire mosquito!
The vampire mosquito is severely damaged.
You block the vampire mosquito's attack. x2
You hit the vampire mosquito but do no damage.
Your kick misses the vampire mosquito.
The vampire mosquito is severely damaged.
The vampire mosquito misses you.
The komodo dragon bites the fungus!
The fungus begins to die.
The bog body gestures at you while chanting.
You resist with significant effort.
You block the vampire mosquito's attack.
The komodo dragon bites the fungus.
There are monsters nearby!
Okay, then.
The bog body gestures at you while chanting.
You feel yourself slow down.
You block the vampire mosquito's attack.
You block the vampire mosquito's attack. x2
A nearby fungus withers and dies.
You block the vampire mosquito's attack. x2
You see here a vampire mosquito corpse.
The bog body gestures at you while chanting.
The bolt of cold hits you!
You die...

#......♣ ##P. ..)...♣ #P.
....♣≈.♣≈ .# ### .
###..♣♣..♣♣.###.# #.##
#.....♣..♣..P#... ....#
#.....♣..♣.###... . ...#
#.l..n.⌠⌠..#.#... ...
..#####y...........#...
.....#.#..@†...............
.........#..........#....##
≈.......###..........###.#.
.P....### #...[.....###....
.....# #######.### ##...
P.... ### #### ≈≈## ≈


You could see a komodo dragon, a bog body and a vampire mosquito.

Vanquished Creatures
  A catoblepas (Lair:1)
  A hydra (Lair:3)
  3 cane toads
  An unseen horror (D:10)
  A komodo dragon (Lair:2)
  A queen bee (Lair:3)
  3 wraiths
  2 wyverns
  A steam dragon (D:8)
  A basilisk (D:8)
  8 yaks
  2 vampire mosquitoes (Lair:3)
  Edmund (D:5)
  13 water moccasins
  A swamp drake (Lair:3)
  An ice beast (D:7)
  5 orc warriors
  4 sky beasts
  2 black bears (D:8)
  An ogre (D:5)
  A necrophage (D:8)
  6 centaurs
  2 kobold brigands (D:9)
  13 bullfrogs
  2 gnoll sergeants (D:8)
  3 scorpions
  5 water moccasin zombies (Ossuary)
  5 wights
  A water moccasin skeleton (D:6)
  25 killer bees (Lair:3)
  An electric eel (D:7)
  2 howler monkeys
  A bullfrog zombie (D:5)
  2 centaur zombies
  A jelly (D:8)
  A centaur skeleton (D:4)
  3 hounds
  9 orc priests
  2 bullfrog skeletons (D:5)
  Natasha (thrice) (D:2)
  2 iguanas
  7 orc wizards
  A killer bee zombie (D:8)
  2 mummies (Ossuary)
  A howler monkey zombie (D:8)
  10 gnolls
  A howler monkey skeleton (D:6)
  12 adders
  2 shadow imps
  4 adder zombies
  An adder skeleton (D:4)
  A worm (D:4)
  A dart slug (D:4)
  29 orcs
  5 bats
  6 endoplasms
  5 giant cockroaches
  7 hobgoblins
  4 jackals
  21 kobolds
  6 quokkas
  9 ball pythons
  4 frilled lizards
  5 gnoll zombies (Ossuary)
  6 goblins
  A goblin zombie (D:6)
  4 hobgoblin zombies (Ossuary)
  4 kobold zombies (Ossuary)
  6 orc zombies (Ossuary)
  3 rats
  A rat zombie (D:6)
312 creatures vanquished.

Vanquished Creatures (others)
  2 gnolls (D:2)
  40 fungi
  55 plants
97 creatures vanquished.

Grand Total: 409 creatures vanquished

Notes
Turn   | Place    | Note
-------+----------+-------------------------------------------
     0 | D:1      | voltaire321 the Demonspawn Fighter began the quest for the
                  | Orb.
     0 | D:1      | Reached XP level 1. HP: 18/18 MP: 1/1
   541 | D:1      | Gained mutation: You have sharp toenails. [demonic
                  | ancestry]
   541 | D:1      | Reached XP level 2. HP: 24/24 MP: 2/2
   804 | D:1      | Found a faded altar of an unknown god.
  1329 | D:2      | Reached XP level 3. HP: 28/29 MP: 3/3
  1372 | D:2      | Found Uplezul's Magic Scroll Shoppe.
  1380 | D:2      | Bought a scroll of identify for 20 gold pieces
  1380 | D:2      | Bought a scroll of teleportation for 30 gold pieces
  1380 | D:2      | Bought a scroll of magic mapping for 35 gold pieces
  1408 | D:2      | Noticed Natasha
  1416 | D:2      | Killed Natasha
  1426 | D:2      | Noticed Natasha
  1428 | D:2      | Gained mutation: You are partially covered in large bone
                  | plates. (SH +4) [demonic ancestry]
  1428 | D:2      | Reached XP level 4. HP: 29/35 MP: 4/4
  1439 | D:2      | Found Jekid's Jewellery Shop.
  1919 | D:2      | Found Utusuot's Distillery.
  1933 | D:2      | Killed Natasha
  2037 | D:2      | Noticed Natasha
  2042 | D:2      | Killed Natasha
  2092 | D:2      | Gained mutation: Your demonic aura sometimes causes spilled
                  | blood to erupt in flames [demonic ancestry]
  2092 | D:2      | Reached XP level 5. HP: 42/42 MP: 5/5
  2856 | D:4      | Reached XP level 6. HP: 48/48 MP: 6/6
  2895 | D:4      | Noticed an orc warrior
  2919 | D:4      | Killed an orc warrior
  3076 | D:4      | Identified the +7 mace of Fortitude {venom, *Noise rF+ MP+9
                  | Dex+3}
  3564 | D:5      | Entered Level 5 of the Dungeon
  3593 | D:5      | Gained mutation: Your demonic aura often causes spilled
                  | blood to erupt in flames [demonic ancestry]
  3593 | D:5      | Reached XP level 7. HP: 55/55 MP: 7/7
  3642 | D:5      | Reached skill level 5 in Fighting
  3854 | D:5      | Noticed a wraith
  3884 | D:5      | Killed a wraith
  3999 | D:5      | Found a staircase to the Ecumenical Temple.
  4026 | D:5      | Reached skill level 5 in Armour
  4030 | D:5      | Reached skill level 5 in Shields
  4030 | D:5      | Gained mutation: You regenerate magic rapidly. [demonic
                  | ancestry]
  4030 | D:5      | Reached XP level 8. HP: 63/63 MP: 8/8
  4039 | Temple   | Entered the Ecumenical Temple
  4065 | Temple   | Became a worshipper of Makhleb the Destroyer
  4179 | D:5      | Noticed Edmund
  4189 | D:5      | Killed Edmund
  4190 | D:5      | Reached skill level 1 in Invocations
  4410 | D:5      | Upgraded the game from 0.27-a0-909-g0721f309d1 to
                  | 0.27-a0-920-gb2bd10914a
  4440 | D:6      | Reached skill level 1 in Dodging
  4458 | D:6      | Found a broken altar of Ashenzari.
  4483 | D:6      | Found a blossoming altar of Fedhas.
  4484 | D:6      | Found a radiant altar of Vehumet.
  4484 | D:6      | Found a sacrificial altar of Ru.
  4835 | D:6      | Reached skill level 5 in Long Blades
  4865 | D:6      | Found a sand-covered staircase.
  4872 | Ossuary  | Entered an ossuary
  5082 | Ossuary  | Reached * piety under Makhleb
  5203 | D:6      | Reached skill level 1 in Evocations
  5203 | D:6      | Reached XP level 9. HP: 69/69 MP: 11/11
  5290 | D:6      | Found a sparkling altar of Nemelex Xobeh.
  6363 | D:7      | Reached ** piety under Makhleb
  6629 | D:7      | Found an opulent altar of Gozag.
  6863 | D:8      | Found Alidonex's Assorted Antiques.
  6955 | D:8      | Reached skill level 5 in Invocations
  6982 | D:8      | Found a staircase to the Lair.
  7054 | D:8      | Reached XP level 10. HP: 71/79 MP: 13/13
  7262 | D:8      | Identified the +0 ring mail "Woroquma" {rF++}
  8054 | D:9      | Reached *** piety under Makhleb
  9179 | D:10     | Entered Level 10 of the Dungeon
  9899 | D:2      | Bought a ring of see invisible for 165 gold pieces
 10334 | D:10     | Noticed a tengu warrior
 10591 | Lair:1   | Entered Level 1 of the Lair of Beasts
 10655 | Lair:1   | Noticed a catoblepas
 10672 | Lair:1   | Killed a catoblepas
 10898 | Lair:1   | Noticed a cane toad
 10935 | Lair:1   | Killed a cane toad
 11019 | Lair:1   | Noticed a cane toad
 11032 | Lair:1   | Killed a cane toad
 11033 | Lair:1   | Gained mutation: You have razor-sharp toenails. [demonic
                  | ancestry]
 11033 | Lair:1   | Reached XP level 11. HP: 72/86 MP: 16/16
 11441 | Lair:1   | You fall into a shaft and drop 1 floor!
 11441 | Lair:2   | Found a staircase to the Snake Pit.
 11486 | Lair:2   | Reached skill level 5 in Evocations
 11623 | Lair:2   | Reached **** piety under Makhleb
 11624 | Lair:2   | Reached skill level 5 in Dodging
 13638 | Lair:3   | Noticed a five-headed hydra
 13653 | Lair:3   | Killed a five-headed hydra
 13697 | Lair:3   | Noticed a bog body
 13703 | Lair:3   | Killed from afar by a bog body

Illustrated notes

Levels and vault maps discovered:
D:1:      minmay_arrival_doors, layout_basic,
          shapermc_ecumenical_altar_mp_urbaneastern
D:2:      minmay_alternating_diamond, layout_rooms, serial_shops, shop,
          nicolae_shop_statue_plus, nicolae_shop_trees, uniq_natasha
D:3:      layout_rooms
D:4:      layout_loops_ring
D:5:      layout_rooms, minmay_temple_entry_statues_pillars, uniq_edmund
D:6:      kb_forest_paths, layout_loops_ring, nemelex_diamond_rough_becter,
          chequers_temple_overflow_statue_of_worship, lemuel_crystal_altar,
          enter_ossuary_4
D:7:      layout_loops_cross, grunt_gozag_statues, grunt_decor_mini_mirrors,
          kennysheep_crisscross
D:8:      layout_gridville, due_lair_maze_entry_diamond, serial_shops,
          nicolae_shop_overgrown_old_shop, chequers_serial_rivers_micro_a
D:9:      layout_loops_corners
D:10:     layout_irregular_city, minmay_misc_feat_four_crosses, grunt_tough_drop
Temple:   eino_temple_scatter_basement
Lair:1:   layout_layer_cave
Lair:2:   layout_long_grid, minmay_snake_entry_six_corridors
Lair:3:   layout_roguey [special_room_bee], nicolae_swamp_entry_splash_gauntlet,
          pond

Skill      XL: |  1  2  3  4  5  6  7  8  9 10 11 |
---------------+----------------------------------+-----
Long Blades    | 2 3 4 5 6 7 |  7.6
Armour         | 3 4 5 6 7 |  7.9
Shields        | 3 4 5 6 7 8 |  8.0
Fighting       | 4 5 6 7 8 |  8.7
Invocations    | 3 5 6 8 |  8.4
Dodging        | 2 3 4 5 |  5.0
Evocations     | 1 3 4 5 |  5.0

Action                   |  1- 3 |  4- 6 |  7- 9 | 10-12 || total
-------------------------+-------+-------+-------+-------++-------
Melee: Long sword        |    82 |   162 |   116 |       ||   360
       Kick              |    16 |    45 |   160 |   200 ||   421
       Falchion          |       |       |   316 |   571 ||   887
Evoke: Wand              |       |       |       |    12 ||    12
  Use: Scroll            |       |     1 |    12 |     3 ||    16
       Potion            |       |       |       |     2 ||     2
Armor: Scale mail        |    35 |    16 |       |       ||    51
       Chain mail        |       |    31 |   138 |   206 ||   375
Dodge: Dodged            |    51 |   102 |   174 |   388 ||   715
Block: Kite shield       |    46 |   131 |   367 |   851 ||  1395
       Reflection        |       |       |     1 |     5 ||     6
       Rpst.: Long sword |    12 |    30 |    18 |       ||    60
       Falchion          |       |       |    42 |   117 ||   159

Table legend: (Time is in decaauts)
 A = Elapsed time spent in this place.
 B = Non-inter-level travel time spent in this place.
 C = Inter-level travel time spent in this place.
 D = Time resting spent in this place.
 E = Time spent auto-exploring this place.
 F = Levels seen in this place.
 G = Mean time per level.
                   A        B        C        D        E       F      G
               +--------+--------+--------+--------+--------+-----+--------+
         Total |  14052 |  13461 |    591 |   2047 |   7835 |  15 |  936.8 |
       Dungeon |  10499 |   9908 |    591 |   1388 |   5947 |  10 | 1049.9 |
        Temple |     62 |     62 |      0 |      0 |     29 |   1 |   62.0 |
          Lair |   3144 |   3144 |      0 |    531 |   1859 |   3 | 1048.0 |
       Ossuary |    345 |    345 |      0 |    128 |      0 |   1 |  345.0 |
               +--------+--------+--------+--------+--------+-----+--------+

Top non-repeatable levels by time:
  Lair:1: 1323 daAuts
     D:7: 1320 daAuts
     D:9: 1267 daAuts
     D:1: 1254 daAuts
     D:8: 1235 daAuts
     D:2: 1090 daAuts
    D:10: 1067 daAuts
  Lair:2: 947 daAuts
     D:6: 911 daAuts
     D:5: 877 daAuts
  Lair:3: 874 daAuts
     D:4: 873 daAuts
     D:3: 601 daAuts
 Ossuary: 345 daAuts
  Temple: 62 daAuts
